 Dungeon Crawl Stone Soup version 0.28-a0-472-g50180c0d78 (webtiles) character file.

Game seed: 11181094872503450936

235 Dabor the Skirmisher (level 6, 0/48 HPs)
             Began as a Formicid Abyssal Knight on Sept 15, 2021.
             Was a Follower of Lugonu.
             Succumbed to a water moccasin's poison
             ... on level 3 of the Dungeon.
             The game lasted 00:08:17 (2895 turns).

Dabor the Skirmisher (Formicid Abyssal Knight)      Turns: 2895, Time: 00:08:18

Health: 0/48       AC: 12    Str: 19    XL:     6   Next: 26%
Magic:  8/8        EV:  7    Int: 11    God:    Lugonu [*.....]
Gold:   126        SH:  4    Dex: 10    Spells: 5/5 levels left

rFire   . . .      SeeInvis +   b - +0 scythe
rCold   . . .      Faith    .   d - +0 buckler
rNeg    . . .      Spirit   .   i - +0 chain mail
rPois   .          Reflect  .   (helmet unavailable)
rElec   .          Harm     .   (no cloak)
rCorr   .          Rampage  .   (no gloves)
Will    .....                   g - +2 pair of boots
Stlth   ..........              (no amulet)
HPRegen 0.16/turn               (no ring)
MPRegen 0.11/turn               (no ring)

@: lethally poisoned (0 -> -3)
A: permanent stasis, dig shafts and tunnels, antennae 3, four strong arms
a: Dig, Shaft Self, Renounce Religion, Depart the Abyss


You were on level 3 of the Dungeon.
You worshipped Lugonu.
Lugonu was aware of your devotion.
You visited 1 branch of the dungeon, and saw 4 of its levels.
You visited the Abyss 1 time.

You collected 126 gold pieces.

Inventory:

Hand Weapons
 a - a +1 spear
 b - a +0 scythe (weapon)
Armour
 d - a +0 buckler (worn)
 g - a +2 pair of boots (worn)
 i - a +0 chain mail (worn)
 j - a +1 scale mail of poison resistance
Jewellery
 e - a +4 ring of evasion
Scrolls
 c - 2 scrolls of identify
Potions
 h - a potion of attraction


   Skills:
 + Level 4.1 Fighting
 + Level 2.9 Polearms
 + Level 3.2 Armour
 + Level 2.1 Dodging
 + Level 2.3 Stealth
 + Level 2.1 Shields
 + Level 3.3 Invocations


You had 5 spell levels left.
You didn't know any spells.
Your spell library contained the following spells:

 Spells                   Type           Power      Damage    Failure   Level
 Stone Arrow              Conj/Erth      0%         3d7       100%        3
 Animate Armour           Summ/Erth      0%         N/A       100%        4
 Lehudib's Crystal Spear  Conj/Erth      0%         10d2      100%        8


Dungeon Overview and Level Annotations

Branches:
Dungeon (4/15)
 Temple: D:4-7

Altars:

Shops:
D:2 (:(


Innate Abilities, Weirdness & Mutations

You cannot be hasted, slowed, berserked, paralysed or teleported.
You can dig through walls and to a lower floor.
You have a pair of large antennae on your head. (SInv)
Your four strong arms can wield two-handed weapons with a shield.


Message History

The water moccasin barely misses you.
You feel sick.
You feel sick. The water moccasin barely misses you.
You feel sick.
You feel sick. The water moccasin bites you.
You feel sick.
You feel sick. The water moccasin closely misses you.
You feel sick.
You feel sick.
You are no longer poisoned.
You block the water moccasin's attack.
Okay, then.
Okay, then.
The water moccasin bites you but does no damage.
Items here: ( ))).
The water moccasin bites you but does no damage.
The water moccasin bites you.
* * * LOW HITPOINT WARNING * * *
The water moccasin bites you but does no damage.
The water moccasin bites you.
* * * LOW HITPOINT WARNING * * *
The water moccasin bites you.
* * * LOW HITPOINT WARNING * * *
The water moccasin bites you but does no damage.
The water moccasin bites you but does no damage.
The water moccasin bites you.
* * * LOW HITPOINT WARNING * * *
You are lethally poisoned!
The water moccasin poisons you!
* * * LOW HITPOINT WARNING * * *
You feel very sick.
* * * LOW HITPOINT WARNING * * *
You feel very sick.
* * * LOW HITPOINT WARNING * * *
You feel sick. You block the water moccasin's attack.
* * * LOW HITPOINT WARNING * * *
You feel sick.
* * * LOW HITPOINT WARNING * * *
You feel sick.
You die...

#.####### #.......#
#.#####.###############
##.# #.#.............#
...# #.#.#...#######.#
.##### #.#...#.##....#.#
####### .#...#
#.###รท#....##<#.# #......
.#.#.#
#.###.#########.####.#####
.#.#.#
#........@..<...#........#
.#.#.#
#.#####...........##.###.#
##.#.# #.#
#S############.# #.#
#.#.#########.# #......#
#.# #.#...........#
#.####.###.#
##......##############.#
#......
............(.........>#
#.###.#
###...#.##############.#
#.#...# ..#.#.#.# #.#
#.#.###


You could see a water moccasin.

Vanquished Creatures
  Sigmund (D:3)
  3 adders
  2 dart slugs
  3 orcs (D:3)
  8 endoplasms
  A giant cockroach (D:3)
  4 goblins
  4 hobgoblins
  5 kobolds
  6 quokkas
  4 ball pythons
  2 bats
  5 frilled lizards
  4 rats
52 creatures vanquished.

Notes
Turn   | Place    | Note
-------+----------+-------------------------------------------
     0 | Abyss:1  | Dabor the Formicid Abyssal Knight began the quest for the
                  | Orb.
     0 | Abyss:1  | Reached XP level 1. HP: 18/18 MP: 2/2
     2 | D:1      | Escaped the Abyss
    44 | D:1      | Reached skill level 1 in Dodging
    54 | D:1      | Reached XP level 2. HP: 16/24 MP: 3/3
   182 | D:1      | Reached * piety under Lugonu
   453 | D:1      | Reached XP level 3. HP: 24/29 MP: 4/4
  1022 | D:2      | Reached skill level 1 in Stealth
  1138 | D:2      | Reached skill level 1 in Shields
  1138 | D:2      | Reached XP level 4. HP: 25/36 MP: 4/6
  1230 | D:2      | Found Qymorhoc's Antique Weapon Boutique.
  1321 | D:2      | Found a faded altar of an unknown god.
  1387 | D:2      | Found Ceidgh's Weapon Shoppe.
  1493 | D:2      | Found Ihegrys's Book Emporium.
  1891 | D:3      | Noticed Sigmund
  2312 | D:3      | Killed Sigmund
  2313 | D:3      | Reached skill level 4 in Fighting
  2313 | D:3      | Reached XP level 5. HP: 17/42 MP: 7/7
  2313 | D:3      | Reached XP level 6. HP: 19/48 MP: 8/8
  2848 | D:3      | Noticed a water moccasin
  2894 | D:3      | HP: 1/48 [poisoned by a water moccasin]
  2895 | D:3      | Succumbed to a water moccasin's poison

Illustrated notes

Levels and vault maps discovered:
D:1:      erik_arrival_blinker_ship, layout_basic, st_stairs_2,
          grunt_decor_resistance
D:2:      layout_basic, serial_shops, nicolae_lakefront_shop, shop,
          nicolae_lakefront_shop, ebering_ecumenical_altar_sacrificial
D:3:      layout_basic, minmay_crystal_water, corexii_shack, uniq_sigmund
D:4:      layout_basic, serial_shops, nicolae_shop_behind_doors,
          amcnicky_mini_rare_corridor_liquid

Skill      XL: |  1  2  3  4 |
---------------+-------------+-----
Dodging        | 1 2 |  2.1
Stealth        | 1 2 |  2.3
Shields        | 1 2 |  2.1
Fighting       | 4 |  4.1
Armour         | 3 |  3.2
Invocations    | 3 |  3.3
Polearms       | |  2.9

Action                   |  1- 3 |  4- 6 || total
-------------------------+-------+-------++-------
Melee: Spear             |   113 |    98 ||   211
       Scythe            |       |    23 ||    23
Invok: Depart the Abyss  |     1 |       ||     1
 Abil: Dig               |       |     1 ||     1
  Use: Scroll            |       |     5 ||     5
 Stab: Sleeping          |     1 |       ||     1
Armor: Leather armour    |    25 |       ||    25
       Chain mail        |    17 |    53 ||    70
Dodge: Dodged            |    38 |    32 ||    70
Block: Buckler           |    12 |    18 ||    30

Table legend: (Time is in decaauts)
 A = Elapsed time spent in this place.
 B = Non-inter-level travel time spent in this place.
 C = Inter-level travel time spent in this place.
 D = Time resting spent in this place.
 E = Time spent auto-exploring this place.
 F = Levels seen in this place.
 G = Mean time per level.
                   A        B        C        D        E       F      G
               +--------+--------+--------+--------+--------+-----+--------+
         Total |   2927 |   2840 |     87 |    504 |   1695 |   5 |  585.4 |
       Dungeon |   2925 |   2838 |     87 |    504 |   1695 |   4 |  731.2 |
         Abyss |      2 |      2 |      0 |      0 |      0 |   1 |    2.0 |
               +--------+--------+--------+--------+--------+-----+--------+

Top non-repeatable levels by time:
     D:3: 1002 daAuts
     D:1: 955 daAuts
     D:2: 623 daAuts
     D:4: 343 daAuts
 Abyss:1: 2 daAuts
